Cogmind - Beta 11 @@@ ROGUE MODE // 2022.04.13 @ 22:30:01 Player: RNGesus Result: Self-destructed Performance ------------- Evolutions (1) 500 Regions Visited (3) 600 Robots Destroyed (38) 190 Value Destroyed (992) 992 Prototype IDs (1) 20 Alien Tech Used (0) 0 Bonus (0) 0 TOTAL SCORE: 2302 Bonus ------- None Cogmind --------- Core Integrity 104/400 Matter 201/300 Energy 250/250 System Corruption 0% Temperature Cool (55) Movement Treading (480) Ox4 Location -9/Materials Parts ------- > --- POWER (1) -------- Ion Engine > --- PROPULSION (3) --- Light Treads Light Treads Light Treads > --- UTILITY (3) ------ Huge Storage Unit Improved Targeting Computer Hardened Light Armor Plating > --- WEAPON (2) ------- Heavy Assault Rifle > --- INVENTORY (25) --- Improved Ion Engine Light Treads Light Treads Improved Aluminum Leg Improved Aluminum Leg Improved Aluminum Leg Improved Aluminum Leg Compact Wheel High-capacity Storage Unit Structural Scanner Seismic Detector Transport Network Coupler Improved Targeting Computer Light Armor Plating Light Armor Plating Beam Rifle Assault Rifle Light Assault Rifle Heavy Assault Rifle Plasma Cutter Maul Peak State ------------ > --- POWER ------------ Ion Engine > --- PROPULSION ------- Light Treads Light Treads Wheel > --- UTILITY ---------- Huge Storage Unit Improved Targeting Computer Light Armor Plating > --- WEAPON ----------- Improved Assault Rifle Improved Assault Rifle > --- INVENTORY -------- Improved Ion Engine Light Treads Light Treads Improved Aluminum Leg Improved Aluminum Leg Improved Aluminum Leg Improved Aluminum Leg Compact Wheel High-capacity Storage Unit Structural Scanner Seismic Detector Transport Network Coupler Improved Targeting Computer Light Armor Plating Hardened Light Armor Plating Beam Rifle Assault Rifle Light Assault Rifle Heavy Assault Rifle Maul [Rating: 17] Favorites ----------- Power Ion Engine Engine Ion Engine Propulsion Light Treads Treads Light Treads Wheel Wheel Utility Huge Storage Unit Storage Huge Storage Unit Processor Improved Targeting Computer Protection Light Armor Plating Weapon Improved Assault Rifle Ballistic Gun Improved Assault Rifle Build | -11 -10 -10 -9 ------- Run | Scr Mat Min Mat Slots Evolved 2 | . . . 2 Power . | . . . . Propulsion 1 | . . . 1 Utility 1 | . . . 1 Weapon . | . . . . Parts Attached 22 | 6 5 2 9 Power 2 | 1 . 1 . Engine 2 | 1 . 1 . Core . | . . . . Reactor . | . . . . Propulsion 9 | 2 1 1 5 Treads 8 | 2 1 . 5 Leg . | . . . . Wheel 1 | . . 1 . Hover . | . . . . Flight . | . . . . Utility 6 | 1 2 . 3 Device . | . . . . Storage 3 | 1 2 . . Processor 1 | . . . 1 Hackware . | . . . . Protection 2 | . . . 2 Artifact . | . . . . Weapon 5 | 2 2 . 1 Energy Gun . | . . . . Energy Cannon . | . . . . Ballistic Gun 5 | 2 2 . 1 Ballistic Cannon . | . . . . Launcher . | . . . . Special Weapon . | . . . . Impact Weapon . | . . . . Slashing Weapon . | . . . . Piercing Weapon . | . . . . Special Melee Weapon . | . . . . Unidentified Prototypes 1 | . 1 . . Parts Lost 6 | . . 1 5 Power 1 | . . 1 . Propulsion 2 | . . . 2 Utility 1 | . . . 1 Weapon 2 | . . . 2 Highest Loss Streak 5 | . . 1 5 To Critical Strikes . | . . . . Average Slot Usage (%) 88 | . 85 85 98 Engine 13 | . 14 14 11 Treads 22 | . 28 14 22 Wheel 7 | . . 13 10 Storage 13 | . 14 14 11 Processor 3 | . . . 11 Protection 2 | . . . 9 Ballistic Gun 26 | . 28 28 21 Naked Turns . | . . . . Heaviest Build 96 | 13 91 91 96 Greatest Support 40 | 40 40 40 10 Greatest Overweight (x) 9 | 4 2 9 9 Average Overweight (x) 5 | . 1 8 9 Largest Inventory Capacity 25 | 8 25 25 25 Average Capacity 22 | 7 20 25 25 Most Carried 25 | 3 18 18 25 Average Carried 15 | 2 13 17 19 Final Capacity 25 | 8 25 25 25 Final Carried 21 | 3 18 18 21 Class Distribution -------------------- 77% | Mutant 22% | Scavenger-Mutant Dominant Class ---------------- Mutant | -10/Materials Mutant | -10/Mines Scavenger-Mutant | -9/Materials Resources | -11 -10 -10 -9 ----------- Run | Scr Mat Min Mat Matter Collected 743 | 233 207 39 264 Remotely . | . . . . Salvage Created 1458 | . 503 18 937 Parts 91 | . 28 . 63 Haulers Intercepted 4 | . 2 . 2 Recyclers Shooed . | . . . . Parts Field Recycled . | . . . . Retrieved Matter . | . . . . Parts Self-Destructed . | . . . . Prevented . | . . . . Kills | -11 -10 -10 -9 ------- Run | Scr Mat Min Mat Combat Hostiles Destroyed 31 | . 10 2 19 Guns 31 | . 10 2 19 Classes Destroyed 9 | . 4 1 4 Worker 2 | . . . 2 Hauler 4 | . 2 . 2 Recycler 1 | . 1 . . Operator 2 | . . . 2 Swarmer 6 | . 3 . 3 Grunt 16 | . 7 . 9 Brawler 2 | . . . 2 Sentry 5 | . . . 5 Assembled 2 | . . 2 . Best Kill Streak 6 | . 3 2 6 Combat Bots Only 4 | . 3 2 4 Max Kills in Single Turn 2 | . 2 1 2 Gunslinging 1 | . 1 . . Exploded . | . . . . Melee . | . . . . Uniques/NPCs Destroyed . | . . . . Combat | -11 -10 -10 -9 -------- Run | Scr Mat Min Mat Damage Taken 1756 | . 308 105 1343 Core 343 | . 47 . 296 Absorbed by Shields . | . . . . Core Remaining (%) 90 | 100 . 81 . Volleys Fired 84 | . 29 4 51 Largest 2 | . 2 2 2 Hottest 46 | . 46 46 46 Shots Fired 161 | . 58 8 95 Gun 161 | . 58 8 95 Cannon . | . . . . Launcher . | . . . . Special . | . . . . Kinetic 161 | . 58 8 95 Thermal . | . . . . Explosive . | . . . . Electromagnetic . | . . . . Robot Hit Streak 27 | . 9 6 27 Robot Miss Streak 2 | . 2 1 1 Penetration Max . | . . . . Secondary Targets 3 | . 2 . 1 Max Gunslinging Chain 1 | . 1 . 1 Shots Hit Robots 129 | . 43 7 79 Core Hits 56 | . 18 3 35 Critical Kills . | . . . . Critical Parts Destroyed . | . . . . Critical Strikes . | . . . . Melee Attacks . | . . . . Impact . | . . . . Slashing . | . . . . Piercing . | . . . . Sneak Attacks . | . . . . Combat Hostiles . | . . . . Follow-up Attacks . | . . . . Damage Inflicted 2056 | . 523 113 1420 Guns 1852 | . 523 113 1216 Cannons . | . . . . Explosions 189 | . . . 189 Melee . | . . . . Ramming 15 | . . . 15 Kinetic 1852 | . 523 113 1216 Thermal 189 | . . . 189 Explosive . | . . . . Electromagnetic . | . . . . Impact . | . . . . Slashing . | . . . . Piercing . | . . . . Highest Corruption . | . . . . Average Corruption . | . . . . Corruption Purged . | . . . . Corruption Blocked . | . . . . Overload Shots . | . . . . Overflow Damage 64 | . . . 64 Projectiles . | . . . . Explosions 64 | . . . 64 Melee . | . . . . Knockbacks . | . . . . Impact . | . . . . Kinetic . | . . . . Secondary . | . . . . Self-Inflicted Damage 286 | . . . 286 Shots 3 | . . . 3 Rammed 1 | . . . 1 Targets Rammed 1 | . . . 1 Kicked . | . . . . Crushed . | . . . . Highest Temperature 47 | . 12 15 47 Average Temperature 11 | . 7 12 13 Received Heat Transfer 571 | . 156 40 375 Siege Activations . | . . . . Robots Corrupted . | . . . . Combat Hostiles . | . . . . Parts Fried . | . . . . Impact Corruptions . | . . . . Robots Melted . | . . . . Combat Hostiles . | . . . . Parts Melted . | . . . . Heat Transferred 100 | . . . 100 Parts Sabotaged . | . . . . Parts Stolen . | . . . . Parts Stripped . | . . . . Power Chain Reactions . | . . . . Missiles Intercepted . | . . . . Alert | -11 -10 -10 -9 ------- Run | Scr Mat Min Mat Peak Influence 386 | . 185 . 386 Initial . | . . . . Average 59 | . 61 . 127 Maximum Alert Level 1 | . . . 1 Low Security (%) 95 | 100 100 100 84 Level 1 4 | . . . 15 Level 2 . | . . . . Level 3 . | . . . . Level 4 . | . . . . Level 5 . | . . . . High Security . | . . . . Max Security . | . . . . Squads Dispatched 5 | . 3 . 2 Investigation 2 | . 2 . . Extermination . | . . . . Reinforcement 3 | . 1 . 2 Assault . | . . . . Garrison . | . . . . Intercept . | . . . . Searches Triggered . | . . . . Construction Impeded 1 | . . . 1 Haulers Reinforced . | . . . . Active Scanning Responses . | . . . . Cargo Convoy Interrupts . | . . . . Stealth | -11 -10 -10 -9 --------- Run | Scr Mat Min Mat Distress Signals 4 | . 1 . 3 Communications Jammed . | . . . . Distress Signals . | . . . . Times Spotted 72 | . 24 16 32 Peak Tracking Total 14 | . 3 14 7 Tactical Retreats 2 | . 1 1 . Traps | -11 -10 -10 -9 ------- Run | Scr Mat Min Mat Traps Triggered 2 | . 2 . . Indirectly . | . . . . Trap Hack Attempts . | . . . . Triggered . | . . . . Disarmed . | . . . . Reprogrammed . | . . . . Reused . | . . . . Traps Extracted . | . . . . Installed . | . . . . Triggered . | . . . . Machines | -11 -10 -10 -9 ---------- Run | Scr Mat Min Mat Machines Disabled 3 | . . . 3 Max in Single Turn 3 | . . . 3 Machines Sabotaged . | . . . . Garrisons Compromised . | . . . . Overloaded Fab Kills . | . . . . Hacking | -11 -10 -10 -9 --------- Run | Scr Mat Min Mat Machines Accessed 9 | . 6 . 3 Terminals 9 | . 6 . 3 Fabricators . | . . . . Repair Stations . | . . . . Recycling Units . | . . . . Scanalyzers . | . . . . Garrison Access . | . . . . Total Hacks 19 | . 14 . 5 Successful 6 | . 5 . 1 Failed 13 | . 9 . 4 Catastrophic 3 | . 1 . 2 Database Lockouts . | . . . . Manual 15 | . 11 . 4 Terminals 19 | . 14 . 5 Fabricators . | . . . . Repair Stations . | . . . . Recycling Units . | . . . . Scanalyzers . | . . . . Garrison Access . | . . . . Terminal Hacks 6 | . 5 . 1 Robot Analysis 3 | . 3 . . Branch Access Points 2 | . 1 . 1 Zone Layout 1 | . 1 . . Fabricator Hacks . | . . . . Repair Station Hacks . | . . . . Recycling Unit Hacks . | . . . . Scanalyzer . | . . . . Garrison Access Hacks . | . . . . Unauthorized Hacks . | . . . . Terminals . | . . . . Fabricators . | . . . . Repair Stations . | . . . . Recycling Units . | . . . . Scanalyzers . | . . . . Garrison Access . | . . . . Data Cores Recovered 1 | . . . 1 Used 1 | . . . 1 Hacking Detections 8 | . 5 . 3 Full Trace Events . | . . . . Feedback Events . | . . . . Feedback Blocked . | . . . . Robot Schematics Acquired . | . . . . Robots Built . | . . . . Authchips . | . . . . Time . | . . . . Total Robot Build Rating . | . . . . Part Schematics Acquired . | . . . . Parts Built . | . . . . Authchips . | . . . . Time . | . . . . Total Part Build Rating . | . . . . Parts Repaired . | . . . . Time . | . . . . Parts Recycled . | . . . . Recycled Matter . | . . . . Retrieved Matter . | . . . . Retrieved Components . | . . . . Parts Scanalyzed . | . . . . Part Schematics Acquired . | . . . . Parts Damaged . | . . . . Bothacking | -11 -10 -10 -9 ------------ Run | Scr Mat Min Mat Used RIF Installer . | . . . . Robots Hacked . | . . . . Non-combat . | . . . . Combat . | . . . . Robot Hacks Applied . | . . . . Relay Couplers Released . | . . . . Fabnet Peak Effective % . | . . . . Robots Rewired . | . . . . Allies Hacked . | . . . . Hacks Repelled . | . . . . Allies | -11 -10 -10 -9 -------- Run | Scr Mat Min Mat Total Allies 4 | . . 4 . Largest Group 4 | . . 4 3 Highest-Rated Group 71 | . . 71 40 Highest-Rated Ally 31 | . . 31 16 Total Orders . | . . . . Ally Attacks 7 | . . . 7 Total Damage 80 | . . . 80 Kills 1 | . . . 1 Allies Corrupted . | . . . . Allies Melted . | . . . . Intel | -11 -10 -10 -9 ------- Run | Scr Mat Min Mat Robot Analysis Total 3 | . 3 . . Derelict Logs Recovered 1 | . . 1 . Drone Launches . | . . . . Drone Recoveries . | . . . . Exploration | -11 -10 -10 -9 ------------- Run | Scr Mat Min Mat Turns Passed 3178 | 89 1274 957 858 Spaces Moved 1245 | 47 458 432 308 Core 16 | 16 . . . Treads 501 | 31 458 12 . Legs . | . . . . Wheels 728 | . . 420 308 Hover . | . . . . Flight . | . . . . Fastest Speed 50 | 50 160 215 215 Average Speed 228 | 167 252 217 215 Slowest Speed 320 | 250 320 320 215 Overloaded Moves . | . . . . Propulsion Burnouts . | . . . . Robots Hopped . | . . . . Cave-ins Triggered . | . . . . Exploration Rate (%) 56 | 5 82 98 41 Regions Visited 3 Branch Regions 1 Pre-discovered Areas 1 | . . 1 . Known Exits Taken 1 | . 1 . . Unknown Exits Taken 2 | 1 . 1 . Scrap Searched 1 | . . 1 . Spaces Dug . | . . . . Terrain Destroyed 39 | . . . 39 Melee . | . . . . Projectile . | . . . . AOE 39 | . . . 39 Terrain Rammed . | . . . . Walls Destroyed . | . . . . Machines Disabled . | . . . . Actions | -11 -10 -10 -9 --------- Run | Scr Mat Min Mat Total 1424 | 55 522 440 407 Wait 38 | . 11 2 25 Move 1242 | 46 457 431 308 Hop . | . . . . Pick Up 28 | 3 15 . 10 Fast Attach 10 | 6 2 1 1 Attach 7 | . . 1 6 Detach 3 | . 2 1 . Swap 5 | . 3 . 2 Drop 6 | . 3 . 3 Fire 84 | . 29 4 51 Melee . | . . . . Ram . | . . . . Kick . | . . . . Crush 1 | . . . 1 Escape Stasis . | . . . . Rewire . | . . . . Trap . | . . . . Miscellaneous . | . . . . Route ------- -11/Scrapyard -10/Materials (discovered 5 exits: *Mat x3 / *Min x2) -10/Mines (discovered 2 exits: *Mat x2) -9/Materials (discovered 3 exits: [*Mat] / *Min x2) History --------- Turn | Location | Event 33 | -11/Scrapyard | Discovered new exit (range 15) 90 | -11/Scrapyard | Entered Materials 111 | -10/Materials | Identified exit to Mines 300 | -10/Materials | Build established: Mutant 323 | -10/Materials | Discovered new exit (range 7) 1008 | -10/Materials | Discovered new exit (range 6) 1120 | -10/Materials | Discovered new exit (range 16) 1364 | -10/Materials | Entered Mines 1365 | -10/Mines | Assembled infested the area 1370 | -10/Mines | Assisted by a Guerilla fighting off Assembled 1593 | -10/Mines | Received a Mining Laser from a helpful Derelict 1794 | -10/Mines | Learned location of Storage (-8) 1794 | -10/Mines | Discovered new exit (range 5) 1820 | -10/Mines | Assisted by bots powering up and referring to "LRC-V3" 2280 | -10/Mines | Discovered new exit (range 15) 2321 | -10/Mines | Entered Materials 2321 | -9/Materials | Accompanied by 3 allies 2321 | -9/Materials | Evolved 2 slots: Propulsion x1, Utility x1 2514 | -9/Materials | Identified exit to Mines 2730 | -9/Materials | Build established: Scavenger-Mutant 2898 | -9/Materials | Discovered new exit (range 5) 3154 | -9/Materials | Core integrity fell below 50% 3179 | -9/Materials | Self-destructed Last Messages --------------- 03165_ U-05 Engineer lays Concrete. 03166_ U-05 Engineer builds a Wall. 03167_ K-01 Serf collects debris. 03167_ U-05 Engineer lays Concrete. 03167_ S-10 Pest destroyed. 03167_ K-01 Serf collects debris. 03168_ U-05 Engineer lays Concrete. 03170_ U-05 Engineer builds a Wall. 03170_ K-01 Serf collects debris. 03170_ U-05 Engineer builds a Wall. 03171_ U-05 Engineer lays Concrete. 03174_ K-01 Serf collects debris. 03174_ U-05 Engineer lays Concrete. 03175_ U-05 Engineer builds a Door. 03175_ U-05 Engineer destroyed. 03175_ U-05 Engineer lays Concrete. 03176_ U-05 Engineer builds a Wall. 03178_ K-01 Serf collects debris. 03178_ U-05 Engineer lays Concrete. 03178_ K-01 Serf collects debris. Map ----- +----------------------------------------------------+ | # #??????????????????????????????????????? | | # #??????????????????????????????????????? | | # #??????????????????????????????????????? | | # || #??????????????????????????????????????? | | # || #????????????????????????????>?????????? | | # % #??????????????????????????????????????? | | # #??????????????????????????????????????? | | # ##?????????????????????????????????????? | | # #??#######????????????????????????????? | | ###+########## = #????????????????????????????? | | % #?????????? ?????????????????? | | *[ !%[ #????????? ?????????????????? | | #????????? ?? ??????????????? | | ############## #????????? ? ??????????????? | | ????????????## ###########/## ???????????????? | | ????######## # # ????????????????? | | ???# # =#[ # ????????????????? | | #???# *=+%! # ?????????????????? | | #####???# # [#% # #?????????????????? | | ??????????##### ##;;##### #?????????????????? | | ??????????#####*= ## g u #?????????????????? | | ??????????# *%* # k #?????????????????? | | ??????????# =* *#= *=#=[ #?????????????????? | | ??????????# =+ g %/#%==#?????????????????? | | %#*=g %=%k* #?????????????????? | | # = @# +?????????????????? | | ???################# %+ #?????????????????? | | ??????????????????## !! #?????????????????? | | ??????????????????## #?????????????????? | | ??????????????????## #?????????????????? | | ??????????????????## ; ????????????????? | | ??????????????????#; ; ???????????????? | | ??????????????????## u u; ??????????????? | | ???????????????????#;;###;;# ### ?????????????? | | ???????????????????##### # #?? #????????????? | | ???????????????????????##### #??? #????????????? | | ????????????????????????????+#??? #????????????? | | ????????????????????????????????????????????????? | | ????????????????????????????????????????????????? | | ????????????????????????????????????????????????? | | ????????????????????????????????????????????????? | | ????????????????????????????????????????????????? | | ????????????????????????????????????????????????? | | ????????????????????????????????????????????????? | | ????????????????????????????????????????????????? | | ????????????????????????????????????????????????? | | ????????????????????????????????????????????????? | | ????????????????????????????????????????????????? | | ????????????????????????????????????????????????? | | ????????????????????????????????????????????????? | +----------------------------------------------------+ Best States ------------- Heat Dissipation 28 Energy Generation 10 Energy Capacity 250 Matter Stores 300 Matter Capacity 300 Sight Range 16 Terrain Scan Density 10 Armor Coverage 150 Evasion (%) 40 Targeting Accuracy 6 Recoil Reduction 2 Item Schematics ----------------- None Robot Schematics ------------------ None Fabricated ------------ Nothing Alien Tech Used ----------------- None Achievements -------------- None Challenges ------------ None Game ------ Seed TerrabombCarbideMachine Manual? 0 Play Time 00:16:48 Cumulative 325.3 hours Start 2022.04.13 @ 22:01:35 End 2022.04.13 @ 22:30:01 Sessions 1 Manual Loads 0 Difficulty Rogue Special Mode None Game No. 479 Rogue 479 Adventurer 0 Explorer 0 Win Type - Total 5 Types 3/0/1/1/0/0/0/0/0 Lore% 79 Gallery% 81 Achievement% 64 Wizard Run 0 Options --------- ASCII 0 Keyboard 1 Movement Numpad Keybinds 0 Fullscreen 2 Font 24/Smallcaps Map View 76x50 Tactical HUD 1 Map Filters NONE Filters NONE Steam 1 RUN: bb36b6d9-dd13-413c-b8dc-21128b9cead0